 Dungeon Crawl Stone Soup version 0.29-a0-923-g6e406bff71 (webtiles) character file.

Game seed: 15542167934246954689

65867 humdrum the Thaumaturge (level 14, -2/110 HPs)
             Began as a Mummy Conjurer on July 28, 2022.
             Was an Initiate of Gozag.
             Slain by an orc knight
             ... wielding a +0 long sword
              (34 damage)
             ... on level 2 of the Orcish Mines.
             The game lasted 02:24:50 (39339 turns).

humdrum the Thaumaturge (Mummy Conjurer)           Turns: 39339, Time: 02:24:50

Health: -2/110     AC: 23    Str: 11    XL:     14   Next: 77%
Magic:  1/28       EV: 11    Int: 22    God:    Gozag
Gold:   2663       SH:  5    Dex: 10    Spells: 7/33 levels left

rFire   . . .      SeeInvis .   a - +4 dagger (elec)
rCold   + . .      Faith    .   x - +0 buckler
rNeg    + + +      Spirit   .   T - +2 ring mail {rF+}
rPois   ∞          Reflect  .   B - +2 hat {Will+}
rElec   .          Harm     .   z - +2 cloak
rCorr   .          Rampage  .   k - +2 pair of gloves
Will    ++...                   r - +2 pair of boots
Stlth   ++........              (no amulet)
HPRegen 0.28/turn               v - +4 ring of protection
MPRegen 0.21/turn               u - ring of flight

@: flying, hasted, very quick
A: cold resistance 1, negative energy resistance 3, torment resistance 2, heat
vulnerability 1, in touch with death 2, no potions
a: Renounce Religion, Potion Petition, Call Merchant, Bribe Branch


You were on level 2 of the Orcish Mines.
You worshipped Gozag.
Gozag was most pleased with you.
You visited 4 branches of the dungeon, and saw 20 of its levels.
You also visited: Sewer.

You collected 5883 gold pieces.
You spent 221 gold pieces at shops.
You paid 2999 gold pieces to Gozag.

Inventory:

Hand Weapons
 a - a +4 dagger of electrocution (weapon)
 b - a +2 dagger of venom
 c - a +0 sling of venom
Missiles
 o - 7 boomerangs
 p - 59 poisoned darts
 s - 3 silver javelins
Armour
 k - a +2 pair of gloves (worn)
 r - a +2 pair of boots (worn)
 x - a +0 buckler (worn)
 z - a +2 cloak (worn)
 B - a +2 hat of willpower (worn)
 C - a +2 robe of willpower
 D - a +0 kite shield of reflection
 H - a +1 robe of cold resistance
 I - a +2 robe of the Archmagi
 J - an orb of guile
 T - a +2 ring mail of fire resistance (worn)
 X - +0 steam dragon scales
Magical Staves
 l - a staff of air
 R - a staff of death
 Y - a staff of earth
Jewellery
 h - a ring of magical power
 j - a +6 ring of strength
 m - a +6 ring of intelligence
 u - a ring of flight (right hand)
 v - a +4 ring of protection (left hand)
 G - a ring of willpower
 O - a ring of see invisible
 S - a ring of ice
 V - a ring of wizardry
Wands
 n - a wand of charming (2)
 N - a wand of polymorph (15)
 W - a wand of mindburst (5)
Scrolls
 q - 4 scrolls of magic mapping
 t - 2 scrolls of amnesia
 y - 3 scrolls of teleportation
 A - a scroll of torment
 F - 4 scrolls of vulnerability
 L - 2 scrolls of brand weapon
 M - 2 scrolls of silence
 P - a scroll of enchant armour
 Q - 6 scrolls of identify
 Z - 2 scrolls of butterflies
Miscellaneous
 g - a lightning rod (inert)
 K - a box of beasts
 U - a phial of floods


   Skills:
 - Level 10.0 Fighting
 - Level 10.0 Short Blades
 - Level 2.0 Throwing
 - Level 5.0 Armour
 - Level 5.0 Dodging
 - Level 5.0 Stealth
 - Level 5.0 Shields
 - Level 10.0 Spellcasting
 - Level 10.0 Conjurations
 - Level 5.0 Hexes
 + Level 3.4 Translocations
 - Level 2.0 Transmutations
 + Level 3.4 Fire Magic
 - Level 2.5 Air Magic
 - Level 5.0 Poison Magic
 - Level 5.0 Evocations


You had 7 spell levels left.
You knew the following spells:

 Your Spells              Type           Power      Damage    Failure   Level
a - Magic Dart            Conj           100%       1d8       1%          1
b - Searing Ray           Conj           100%       2d8       1%          2
c - Dazzling Flash        Conj/Hex       88%        N/A       2%          3
d - Fulminant Prism       Conj/Hex       22%        3d13      8%          4
e - Conjure Flame         Conj/Fire      40%        6-21      3%          3
f - Iskenderun's Mystic   Conj/Tloc      40%        2d9       11%         4
g - Mephitic Cloud        Conj/Pois/Air  36%        N/A       4%          3
h - Inner Flame           Hex/Fire       29%        N/A       10%         3
i - Ignite Poison         Fire/Tmut/Pois 26%        N/A       13%         3

Your spell library contained the following spells:

 Spells                   Type           Power      Damage    Failure   Level
 Apportation              Tloc           52%        N/A       4%          1
 Sticky Flame             Conj/Fire      40%        2d6       11%         4
 Gell's Gravitas          Tloc           26%        N/A       13%         3
 Lesser Beckoning         Tloc           26%        N/A       13%         3
 Teleport Other           Tloc           26%        N/A       13%         3
 Necrotise                Necr           96%        1d8       17%         1
 Summon Small Mammal      Summ           44%        N/A       17%         1
 Cause Fear               Hex            16%        N/A       22%         4
 Call Imp                 Summ           11%        N/A       26%         2
 Discord                  Hex            16%        N/A       100%        8


Dungeon Overview and Level Annotations

Branches:
Dungeon (12/15) Zot: 25100  Temple (1/1) D:5 Zot: 5820    Lair (5/5) D:9 Zot: 15722
  Swamp (0/4) Lair:2        Snake (0/4) Lair:3        Slime (0/5) Lair:4
    Orc (2/2) D:9 Zot: 8105     Elf (0/3) Orc:2         Sewer (visited)

Altars:
Ashenzari
Cheibriados
Dithmenos
Fedhas
Gozag
Hepliaklqana
Kikubaaqudgha
Makhleb
Nemelex Xobeh
Okawaru
Qazlal
Ru
Sif Muna
Trog
Uskayaw
Vehumet
Wu Jian
Xom
Yredelemnul
Jiyva

Shops:
D:9 [

Annotations:
D:12 3 runed translucent doors, exclusion: 3 doors, Uhucan's ghost, journeyman MiBe
Lair:3 1 runed translucent door, Pooter's ghost, journeyman DsBe


Innate Abilities, Weirdness & Mutations

You are immune to poison.
Your flesh is cold resistant. (rC+)
You are immune to negative energy. (rN+++)
You are immune to unholy pain and torment.
You are vulnerable to heat. (rF-)
You are strongly in touch with the powers of death.
You do not drink.


Message History

The orc wizard casts a spell at you.
The puff of flame hits you but does no damage.
The orc wizard gestures at you while chanting.
The magic dart hits you.
* * * LOW HITPOINT WARNING * * *
The orc knight roars a battlecry!
The orc warrior goes into a battle-frenzy!
You hear a shout!
The orc knight no longer looks unusually strong.
The orc warlord roars a battlecry!
The orc knight goes into a battle-frenzy!
Okay, then.
Unknown command. [a] - 375 gold - haste and heal wounds [b] - 624 gold - resistance, might and haste [c] - 528 gold - resistance, might and haste Purchase which effect?
You no longer have enough gold to bribe branches to halt enemies' attacks and recruit allies.
You feel yourself speed up.
You feel much better.
The orc warlord no longer looks unusually strong.
A magic dart appears from out of thin air!
The magic dart hits you but does no damage.
Casting: Magic Dart (safe; 1% risk of failure)
Confirm with . or Enter, or press ? or * to list all spells.
Casting: Dazzling Flash (mildly dangerous; 2% risk of failure)
Press: ? - help, Dir - look around, f - activate The orc knight is dazzled.
The orc warlord is dazzled.
The orc knight hits you with a +0 long sword!!
* * * LOW HITPOINT WARNING * * *
The orc knight roars a battlecry!
The orc warlord goes into a battle-frenzy!
The orc warrior shouts!
The orc knight is no longer blind.
The orc knight hits you with a +0 long sword!!
* * * LOW HITPOINT WARNING * * *
The orc warlord is no longer blind.
The orc sorcerer mumbles some strange words.
The orc knight hits you with a +0 long sword!!
You die...
Your body crumbles into a pile of gold.

,,,,,,≈≈≈≈#..*§§≈≈#
,,,,,,≈≈§≈#..*§≈≈≈#
,,,,,,§≈.§#..*§§≈≈#*
,,,,,*≈≈≈.#..#.§§§,##
,,,,,,####....####..#*
,,,,,$...............###
,,,,,,.......o.........##
,,,,,,####..oh######....#
,,,,,,≈≈≈.#..#o≈@≈o....#*
,,,,,,≈≈.§#..#≈o≈≈....##
,,,,,,≈≈≈≈#..#≈≈≈≈...##
,,,,,,≈§§≈#..#≈≈≈§.###
,,,,,,§§.§o..o#{#o..#
*,,,,,.§....oo.....##
**,,**#...###.#.#.## ****
####* #######


You could see an orc warlord (strong), an orc knight (strong), a warg, an orc
sorcerer (strong), 3 orc warriors, an orc wizard (strong) and an orc (strong).

Vanquished Creatures
  An orc warlord (Orc:1)
  2 ettins
  Fannar (D:11)
  A catoblepas (Lair:4)
  A boulder beetle (D:11)
  6 hydras
  2 tengu warriors (D:9)
  13 death yaks
  4 orc high priests (Orc:2)
  Amaemon (Lair:1)
  2 lindwurms
  5 orc knights (Orc:2)
  2 cyclopes (D:12)
  A manticore (D:11)
  3 orc sorcerers (Orc:2)
  9 elephants
  4 black mambas
  4 torpor snails
  11 cane toads
  5 rime drakes
  A gargoyle (D:11)
  8 komodo dragons
  4 trolls
  2 polar bears
  17 blink frogs
  3 dream sheep (Lair:5)
  The ghost of purpskrrrp the Cudgeller, an amateur GrFi of Gozag (D:4)
  5 spriggans (Lair:1)
  5 wyverns
  34 yaks
  2 wraiths (D:12)
  4 vampire mosquitoes (Lair:2)
  10 basilisks
  2 steam dragons
  3 acid dragons
  2 nagas (Lair:3)
  15 water moccasins
  Duvessa (D:7)
  A black bear (D:9)
  An ice beast (D:7)
  22 orc warriors
  9 ogres
  20 wolves
  2 centaurs
  7 kobold brigands
  2 necrophages
  An elf zombie (D:5)
  14 bullfrogs
  An elf skeleton (D:5)
  4 scorpions
  8 wights
  8 killer bees
  18 orc priests
  A human zombie (D:5)
  A gnoll bouda (D:7)
  4 hounds
  A human skeleton (D:5)
  21 orc wizards
  An iguana (D:4)
  5 hell rats (Lair:3)
  7 gnolls
  7 adders
  A river rat (Sewer)
  3 shadow imps
  A white imp (D:7)
  An ufetubus (D:6)
  3 worms
  5 dart slugs
  70 orcs
  12 ball pythons
  13 endoplasms
  7 giant cockroaches
  5 hobgoblins
  8 jackals
  7 bats
  4 frilled lizards
  12 goblins
  37 kobolds
  An orc skeleton (D:5)
  An orc zombie (D:5)
  12 rats
566 creatures vanquished.

Vanquished Creatures (collateral kills)
  Rupert (D:12)
  Gastronok (Lair:2)
  A death yak (Lair:3)
  A lindwurm (Lair:2)
  An orange demon (Lair:1)
  A centaur (D:12)
6 creatures vanquished.

Vanquished Creatures (others)
  2 lindwurms (Lair:2)
  2 black mambas (Lair:5)
  A rime drake (Lair:5)
  2 demonic plants (D:1)
  14 fulminant prisms
  58 fungi
  67 plants
146 creatures vanquished.

Grand Total: 718 creatures vanquished

Notes
Turn   | Place    | Note
-------+----------+-------------------------------------------
     0 | D:1      | humdrum the Mummy Conjurer began the quest for the Orb.
     0 | D:1      | Reached XP level 1. HP: 13/13 MP: 4/4
   235 | D:1      | Reached skill level 1 in Fighting
   475 | D:1      | Reached XP level 2. HP: 22/22 MP: 0/5
   541 | D:1      | Learned a level 2 spell: Searing Ray
  1029 | D:1      | Gained mutation: You are in touch with the powers of death.
                  | [Mummy growth]
  1029 | D:1      | Reached XP level 3. HP: 27/27 MP: 4/8
  1547 | D:1      | Found a faded altar of an unknown god.
  1552 | D:1      | Learned a level 3 spell: Dazzling Flash
  2360 | D:2      | Reached XP level 4. HP: 33/33 MP: 5/10
  2875 | D:3      | Learned a level 4 spell: Fulminant Prism
  3273 | D:3      | Reached skill level 5 in Spellcasting
  4147 | D:4      | Found a basalt altar of Yredelemnul.
  4150 | D:4      | Found an ornate altar of the Wu Jian Council.
  4260 | D:4      | Learned a level 3 spell: Conjure Flame
  4318 | D:4      | Reached XP level 5. HP: 38/38 MP: 3/12
  5076 | D:4      | Reached XP level 6. HP: 44/44 MP: 3/13
  5182 | D:4      | Found a runed translucent door.
  5182 | D:4      | Noticed purpskrrrp's ghost (amateur GrFi)
  5247 | D:4      | Reached skill level 5 in Conjurations
  5247 | D:4      | Reached skill level 1 in Short Blades
  5680 | D:5      | Entered Level 5 of the Dungeon
  5960 | D:5      | Found a glowing drain.
  5971 | Sewer    | Entered a sewer
  6309 | Sewer    | Reached XP level 7. HP: 44/53 MP: 5/14
  6589 | D:5      | Found a staircase to the Ecumenical Temple.
  6598 | Temple   | Entered the Ecumenical Temple
  6667 | Temple   | Became a worshipper of Gozag Ym Sagoz the Greedy
  6960 | D:5      | Reached skill level 5 in Fighting
  7040 | D:5      | Reached skill level 1 in Evocations
  7244 | D:5      | Reached skill level 1 in Fire Magic
  7515 | D:5      | Reached skill level 1 in Hexes
  7515 | D:5      | Reached XP level 8. HP: 62/62 MP: 3/15
  7879 | D:5      | Reached skill level 1 in Throwing
  8418 | D:5      | Reached skill level 1 in Shields
 10233 | D:7      | Reached skill level 5 in Shields
 10340 | D:7      | Noticed Dowan
 10348 | D:7      | Reached XP level 9. HP: 60/68 MP: 10/16
 10427 | D:7      | Noticed Duvessa
 10463 | D:7      | Killed Duvessa
 10612 | D:7      | Noticed Dowan
 10612 | D:7      | Dowan changed into Dowan the kobold
 10615 | D:7      | Killed Dowan the kobold
 10646 | D:7      | Noticed Maggie
 10649 | D:7      | Noticed Maggie
 10649 | D:7      | Maggie changed into Maggie the ice beast
 11303 | D:7      | Found a shimmering blue altar of Sif Muna.
 11387 | D:7      | Found a sparkling altar of Nemelex Xobeh.
 11719 | D:7      | Killed Maggie the ice beast
 11855 | D:7      | Found a shimmering blue altar of Sif Muna.
 11901 | D:7      | Found a sparkling altar of Nemelex Xobeh.
 12632 | D:8      | Noticed a troll
 12644 | D:8      | Killed a troll
 12845 | D:8      | Reached skill level 10 in Spellcasting
 12980 | D:8      | Learned a level 4 spell: Iskenderun's Mystic Blast
 13870 | D:9      | Reached XP level 10. HP: 68/74 MP: 17/24
 14059 | D:9      | Reached skill level 5 in Stealth
 14061 | D:9      | Reached skill level 1 in Translocations
 14704 | D:9      | Found Makohiax's Armour Shop.
 14704 | D:9      | Found a staircase to the Orcish Mines.
 14845 | D:9      | Bought an orb of guile for 221 gold pieces
 15530 | D:9      | Found a staircase to the Lair.
 15571 | D:9      | Noticed a tengu warrior
 15571 | D:9      | Noticed a tengu warrior
 15591 | D:9      | Killed a tengu warrior
 15601 | D:9      | Killed a tengu warrior
 15602 | D:9      | Reached XP level 11. HP: 37/79 MP: 25/25
 15837 | D:10     | Entered Level 10 of the Dungeon
 16485 | D:10     | Found an iron altar of Okawaru.
 17238 | D:4      | Killed purpskrrrp's ghost
 17713 | D:11     | Noticed Fannar
 17725 | D:11     | Killed Fannar
 17726 | D:11     | Reached skill level 10 in Conjurations
 17735 | D:11     | Noticed a boulder beetle
 17751 | D:11     | Killed a boulder beetle
 19049 | Lair:1   | Entered Level 1 of the Lair of Beasts
 19073 | Lair:1   | Reached skill level 5 in Evocations
 19354 | Lair:1   | Noticed Amaemon
 19415 | Lair:1   | Killed Amaemon
 20201 | Lair:1   | Reached XP level 12. HP: 54/92 MP: 18/26
 21327 | Lair:1   | Reached skill level 10 in Fighting
 22049 | Lair:2   | Found a staircase to the Swamp.
 22254 | Lair:2   | You are sucked into a shaft and drop 2 floors!
 22316 | Lair:4   | Reached skill level 5 in Dodging
 22420 | Lair:4   | Noticed a seven-headed hydra
 22434 | Lair:4   | Killed a seven-headed hydra
 22435 | Lair:4   | Reached skill level 1 in Armour
 22830 | Lair:4   | Noticed a death yak
 22832 | Lair:4   | Noticed a death yak
 22833 | Lair:4   | Noticed a death yak
 22833 | Lair:4   | Noticed a death yak
 22873 | Lair:4   | Killed a death yak
 22873 | Lair:4   | Killed a death yak
 22875 | Lair:4   | Killed a death yak
 22882 | Lair:4   | Killed a death yak
 23050 | Lair:4   | Reached skill level 5 in Armour
 23246 | Lair:3   | Noticed a death yak
 23246 | Lair:3   | Noticed a death yak
 23246 | Lair:3   | Noticed a death yak
 23323 | Lair:3   | Killed a death yak
 23332 | Lair:3   | Killed a death yak
 23333 | Lair:3   | Gained mutation: You are strongly in touch with the powers
                  | of death. [Mummy growth]
 23333 | Lair:3   | Reached XP level 13. HP: 91/103 MP: 18/27
 24455 | Lair:2   | Identified the +8 scimitar of Noon {freeze, rN+ Str-2
                  | Dex+7}
 24714 | Lair:2   | Reached skill level 5 in Short Blades
 24848 | Lair:2   | Noticed Gastronok
 24856 | Lair:2   | Killed Gastronok
 25506 | Lair:3   | Found a snail-covered altar of Cheibriados.
 26239 | Lair:3   | Noticed Pooter's ghost (journeyman DsBe)
 26242 | Lair:3   | Found a runed translucent door.
 26448 | Lair:3   | Found a staircase to the Snake Pit.
 26744 | Lair:3   | Learned a level 3 spell: Mephitic Cloud
 26748 | Lair:3   | Learned a level 3 spell: Inner Flame
 26752 | Lair:3   | Learned a level 3 spell: Ignite Poison
 27379 | Lair:4   | Found a staircase to the Slime Pits.
 27381 | Lair:4   | Found a viscous altar of Jiyva.
 27963 | Lair:5   | Entered Level 5 of the Lair of Beasts
 30617 | Lair:4   | Reached XP level 14. HP: 93/110 MP: 18/28
 31108 | Lair:4   | Reached skill level 10 in Short Blades
 32424 | Lair:5   | Reached skill level 5 in Hexes
 32557 | Lair:5   | Reached skill level 1 in Transmutations
 33103 | Lair:5   | Reached skill level 1 in Air Magic
 33810 | D:12     | Found a runed translucent gate.
 33811 | D:12     | Found a runed translucent gate.
 33812 | D:12     | Found a runed translucent gate.
 33812 | D:12     | Noticed Uhucan's ghost (journeyman MiBe)
 33816 | D:12     | Noticed a storm dragon
 33919 | D:12     | Noticed Rupert
 33943 | D:12     | Killed Rupert
 33944 | D:12     | Reached skill level 1 in Poison Magic
 35089 | Orc:1    | Entered Level 1 of the Orcish Mines
 35176 | Orc:2    | Entered Level 2 of the Orcish Mines
 35314 | Orc:2    | Noticed an orc warlord
 35960 | Orc:2    | Noticed an orc warlord
 37024 | Orc:1    | Killed an orc warlord
 38507 | Orc:2    | Found a staircase to the Elven Halls.
 38830 | Orc:2    | Reached skill level 5 in Poison Magic
 39339 | Orc:2    | Slain by an orc knight

Illustrated notes

Levels and vault maps discovered:
D:1:      evilmike_arrival_plus, layout_basic, shapermc_ecumenical_altar_gd,
          minmay_worlds_worst_comb
D:2:      layout_basic, minmay_misc_feat_plants, minmay_misc_feat_tower
D:3:      layout_basic, kennysheep_generic_room_7
D:4:      layout_basic, nicolae_overflow_squiral, ebering_ghost_inner_flame
D:5:      layout_loops_cross, minmay_temple_entry_tees, portal_sewer_entry_b,
          nicolae_ossuary_entry_catacombs, minmay_ogre_servants
D:6:      layout_loops_ring, minmay_misc_feat_five
D:7:      layout_rooms, mainiacjoe_overflow_catch_the_wave, uniq_duvessa,
          uniq_maggie
D:8:      layout_loops_ring, elyvilon_altar_5
D:9:      layout_basic, grunt_lair_entry_orc_guard_hut, orc_david_3
D:10:     layout_cross, okawaru_ov_weapons_minmay, kennysheep_big_empty_room,
          grunt_ministairs_14
D:11:     layout_roguey, uniq_fannar
D:12:     layout_loops_corners, gammafunk_ghost_split, uniq_rupert
Temple:   nicolae_temple_x_marks_the_god
Lair:1:   kb_forest_paths, layout_regular_city, uniq_amaemon
Lair:2:   layout_roguey, minmay_swamp_entry_swarm, minmay_lindwurm_lava,
          uniq_gastronok
Lair:3:   layout_cave_pods, guppyfry_snake_entry_island,
          hellmonk_ghost_happy_afterlife, kennysheep_snail_temple
Lair:4:   layout_regular_city, slime_entry_1
Lair:5:   hangedman_lair_in_review, layout_regular_city, wad_woods_road_02
Orc:1:    layout_caves, basic_altar
Orc:2:    st_orc_elflike, layout_caves, guppyfry_orc_lava_fort

Skill      XL: |  1  2  3  4  5  6  7  8  9 10 11 12 13 14 |
---------------+-------------------------------------------+-----
Fighting       | 1 2 3 5 7 10 | 10.0
Spellcasting   | 3 4 5 10 | 10.0
Conjurations   | 4 5 8 10 | 10.0
Short Blades   | 2 3 9 10 | 10.0
Evocations     | 2 5 |  5.0
Fire Magic     | 2 3 |  3.4
Hexes          | 1 2 5 |  5.0
Throwing       | 2 |  2.0
Stealth        | 2 4 5 |  5.0
Shields        | 5 |  5.0
Dodging        | 2 5 |  5.0
Translocations | 2 3 |  3.4
Armour         | 5 |  5.0
Transmutations | 2 |  2.0
Air Magic      | 2 |  2.5
Poison Magic   | 5 |  5.0

Action                   |  1- 3 |  4- 6 |  7- 9 | 10-12 | 13-15 || total
-------------------------+-------+-------+-------+-------+-------++-------
Melee: Unarmed           |    12 |       |       |       |       ||    12
       Dagger            |       |     2 |    12 |    95 |   380 ||   489
       Short sword       |       |       |     5 |       |       ||     5
Throw: Dart              |       |     5 |     4 |     9 |       ||    18
 Cast: Magic Dart        |   105 |   116 |    44 |   108 |   107 ||   480
       Searing Ray       |     2 |    25 |    99 |   148 |   156 ||   430
       Conjure Flame     |       |     1 |    14 |    11 |     4 ||    30
       Iskenderun's Myst |       |       |     2 |     6 |    81 ||    89
       Dazzling Flash    |       |       |     1 |     1 |    29 ||    31
       Fulminant Prism   |       |       |       |     1 |    13 ||    14
       Mephitic Cloud    |       |       |       |       |    51 ||    51
       Ignite Poison     |       |       |       |       |    14 ||    14
       Inner Flame       |       |       |       |       |     3 ||     3
Invok: Potion Petition   |       |       |       |     1 |     9 ||    10
Evoke: Wand              |       |       |     5 |    29 |    24 ||    58
       Box of beasts     |       |       |       |     1 |     2 ||     3
       Phial of floods   |       |       |       |       |     1 ||     1
       Lightning rod     |       |       |       |       |     5 ||     5
  Use: Scroll            |       |     6 |     5 |    17 |    18 ||    46
 Stab: Invisible         |       |       |       |     3 |    13 ||    16
       Sleeping          |       |       |       |     3 |     1 ||     4
       Distracted        |       |       |       |       |     2 ||     2
       Confused          |       |       |       |       |    15 ||    15
Armor: Robe              |     8 |    12 |    35 |       |   137 ||   192
       Steam dragon scal |       |       |    17 |    91 |    12 ||   120
       Ring mail         |       |       |       |    70 |   132 ||   202
       Skin              |       |       |       |       |     2 ||     2
Dodge: Dodged            |    26 |    20 |    66 |   158 |   344 ||   614
Block: Buckler           |       |       |    25 |    71 |   166 ||   262

Table legend: (Time is in decaauts)
 A = Elapsed time spent in this place.
 B = Non-inter-level travel time spent in this place.
 C = Inter-level travel time spent in this place.
 D = Time resting spent in this place.
 E = Time spent auto-exploring this place.
 F = Levels seen in this place.
 G = Mean time per level.
                   A        B        C        D        E       F      G
               +--------+--------+--------+--------+--------+-----+--------+
         Total |  39280 |  37661 |   1619 |  19367 |  11816 |  21 | 1870.5 |
       Dungeon |  20364 |  19386 |    978 |   9112 |   7276 |  12 | 1697.0 |
        Temple |    179 |    170 |      9 |    100 |     46 |   1 |  179.0 |
          Lair |  14277 |  13705 |    572 |   7395 |   3632 |   5 | 2855.4 |
  Orcish Mines |   3894 |   3836 |     58 |   2468 |    686 |   2 | 1947.0 |
         Sewer |    564 |    564 |      0 |    291 |    176 |   1 |  564.0 |
               +--------+--------+--------+--------+--------+-----+--------+

Top non-repeatable levels by time:
  Lair:5: 3899 daAuts
  Lair:4: 3170 daAuts
     D:9: 2913 daAuts
  Lair:1: 2615 daAuts
  Lair:2: 2475 daAuts
   Orc:1: 2231 daAuts
     D:5: 2142 daAuts
  Lair:3: 2117 daAuts
     D:1: 1985 daAuts
     D:4: 1946 daAuts
     D:7: 1903 daAuts
     D:8: 1693 daAuts
   Orc:2: 1662 daAuts
     D:6: 1662 daAuts
    D:12: 1515 daAuts
